 Dungeon Crawl Stone Soup version 0.22.0-75-g3901e79 (webtiles) character file.

9795 Larett the Warrior (level 11, -10/115 HPs)
             Began as a Minotaur Berserker on Sept 14, 2018.
             Was an Elder of Trog.
             Mangled by a two-headed ogre
             ... wielding a cursed -3 giant club
              (23 damage)
             ... on level 9 of the Dungeon.
             The game lasted 00:26:27 (10036 turns).

Larett the Warrior (Minotaur Berserker)            Turns: 10036, Time: 00:26:28

Health: -10/115    AC: 13    Str: 23    XL:     11   Next: 27%
Magic:  19/19      EV:  3    Int:  7    God:    Trog [****..]
Gold:   57         SH: 12    Dex: 12    Spells: 10/10 levels left

rFire    + + +     SeeInvis .   u - +1 dagger (venom)
rCold    . . .     Gourm    .   N - +0 large shield
rNeg     . . .     Faith    .   k - +0 chain mail
rPois    .         Spirit   .   C - +1 hat {Int+3}
rElec    +         Reflect  .   x - +1 cloak
rCorr    .         Harm     .   U - +0 pair of gloves
MR       .....                  (no boots)
Stlth    ..........             (no amulet)
HPRegen  0.29/turn              J - ring of Wishful Thinking {*Contam *Drain rElec rF+++ MP+9}
MPRegen  0.16/turn              y - +3 ring of slaying

@: no status effects
A: retaliatory headbutt, horns 2
a: Berserk, Trog's Hand, Brothers in Arms, Renounce Religion


You were on level 9 of the Dungeon.
You worshipped Trog.
Trog was greatly pleased with you.
You were very hungry.

You visited 2 branches of the dungeon, and saw 10 of its levels.

You collected 583 gold pieces.
You spent 526 gold pieces at shops.

Inventory:

Hand Weapons
 a - the +4 dagger "Demonbane" {drain, Dex+2}
   (You bought it in a shop on level 4 of the Dungeon)

   A truly terrible weapon, it drains the life of those it strikes.
   It affects your dexterity (+2).
 b - a +0 blowgun
 q - a +0 hunting sling
 t - a cursed -1 whip
 u - a +1 dagger of venom (weapon)
 E - a +2 hand axe of distortion
 F - a +0 war axe
 L - a +3 flail of holy wrath
 O - a +0 hand axe
 V - a +0 short sword of freezing
 X - a +4 quarterstaff of chaos
Missiles
 e - 392 stones (quivered)
 f - 152 arrows
 h - 44 sling bullets
 l - 123 bolts
 o - 76 poisoned needles
 p - 3 steel tomahawks
 W - 12 tomahawks
 Z - 3 throwing nets {!f}
Armour
 j - a +0 buckler
 k - a +0 chain mail (worn)
 n - a +2 robe of fire resistance
 x - a +1 cloak (worn)
 C - a +1 hat of intelligence (worn)
 N - a +0 large shield (worn)
 U - a +0 pair of gloves (worn)
Jewellery
 g - an uncursed ring of resist corrosion
 y - a +3 ring of slaying (right hand)
 J - the ring of Wishful Thinking (left hand) {*Contam *Drain rElec rF+++ MP+9}
   (You found it on level 8 of the Dungeon)

   [ring of magical power]

   It renders you almost immune to fire.
   It insulates you from electricity.
   It affects your magic capacity (+9).
   It causes magical contamination when unequipped.
   It causes draining when unequipped.
 M - a +2 ring of protection
Wands
 z - a wand of random effects (16)
 A - a wand of acid (4)
 I - a wand of iceblast (7)
 P - a wand of paralysis (16)
 S - a wand of scattershot (5)
 Y - a wand of polymorph (8)
Scrolls
 r - 2 scrolls of fog
 G - a scroll of enchant weapon
 R - a scroll of identify
Potions
 s - 2 potions of brilliance
 v - a potion of cancellation
 w - 2 potions of heal wounds
 D - 2 potions of mutation {!q!q}
 H - a potion of agility
 K - 2 potions of flight
 Q - 5 potions of curing
Comestibles
 c - 18 rations


   Skills:
 * Level 16.4 Fighting
 + Level 12.5 Axes
 - Level 2.4 Armour
 - Level 2.1 Dodging


You had 10 spell levels left.
You didn't know any spells.
Your spell library contained the following spells:

 Spells                   Type           Power        Failure   Level  Hunger
 Irradiate                Conj/Tmut      #.........   100%        5    ######.
 Hydra Form               Tmut           #.........   100%        6    #######
 Statue Form              Tmut/Erth      #........    100%        6    #######
 Dragon Form              Tmut           #.........   100%        7    #######


Dungeon Overview and Level Annotations

Branches:
Dungeon (9/15)             Temple (1/1) D:7            Lair (0/6) D:8
    Orc: D:9-12

Altars:
Dithmenos
Hepliaklqana
Kikubaaqudgha
Nemelex Xobeh
Okawaru
Trog
Vehumet
Zin
The Shining One

Shops:
D:4 (   D:7 %   D:8 }   D:9 }}(?


Innate Abilities, Weirdness & Mutations

You reflexively headbutt those who attack you in melee.
You have a pair of horns on your head.


Message History

The two-headed ogre hits you with a giant club!
* * * LOW HITPOINT WARNING * * *
There is a stone staircase leading up, spattered with blood here.
You hit the two-headed ogre. You headbutt the two-headed ogre!
The two-headed ogre is moderately wounded.
The orc warrior throws a tomahawk of returning.
You block the tomahawk of returning.
The weapon returns to the orc warrior!
The orc warrior throws a tomahawk of returning.
You block the tomahawk of returning.
The weapon returns to the orc warrior!
You closely miss the two-headed ogre.
The two-headed ogre is moderately wounded.
You block the two-headed ogre's attack.
The two-headed ogre hits you with a giant club!
* * * LOW HITPOINT WARNING * * *
The orc warrior throws a tomahawk of returning.
The tomahawk of returning hits you.
* * * LOW HITPOINT WARNING * * *
The weapon returns to the orc warrior!
The two-headed ogre hits you with a giant club!!
You die...

...# #.........#
#### #.........#
#.........#
########'## #.)..#
#######
####..#########
......#
#.....8..∩..8.#
......#
#....O...####.#
..>...#
#.....@.......#
......#
###........######
......# #..........#
......###.#.....o..#
.....).............#
.....)#).PPP.......#
......#...∩P.....(.#
###.####.PP........#
#..###.....####(##


You could see a two-headed ogre and an orc warrior.

Vanquished Creatures
  Harold (D:7)
  A two-headed ogre (D:9)
  Pikel (D:9)
  A slime creature (D:5)
  Maurice (D:9)
  Psyche (D:8)
  A hornet (D:6)
  A hippogriff (D:8)
  10 yaks
  Sigmund (D:3)
  A human (D:8)
  4 hogs (D:8)
  A hungry ghost (D:8)
  A steam dragon (D:9)
  Edmund (D:6)
  2 sky beasts
  2 ice beasts
  A slave (D:9)
  A black bear (D:6)
  A necrophage (D:9)
  A phantom (D:9)
  5 ogres
  2 centaurs
  4 big kobolds
  2 bullfrogs
  A wyvern zombie (D:8)
  A scorpion (D:8)
  2 howler monkeys (D:6)
  A crimson imp (D:6)
  2 bullfrog zombies
  A centaur zombie (D:6)
  3 jellies
  5 hounds
  Crazy Yiuf (D:3)
  4 orc priests
  3 orc wizards
  A centaur skeleton (D:4)
  Jessica (D:2)
  5 iguanas
  3 worker ants
  A killer bee zombie (D:5)
  A hound skeleton (D:7)
  A worker ant zombie (D:6)
  6 gnolls
  8 adders
  9 river rats (D:6)
  A shadow imp (D:7)
  7 oozes (D:5)
  2 adder skeletons (D:4)
  7 worms
  2 dart slugs
  2 leopard geckos
  25 orcs
  2 ball pythons
  2 bat zombies (D:6)
  4 giant cockroaches
  10 hobgoblins
  10 jackals
  15 kobolds
  7 quokkas
  10 bats
  5 frilled lizards
  9 goblins
  A leopard gecko zombie (D:7)
  22 rats
  A rat zombie (D:6)
252 creatures vanquished.

Vanquished Creatures (collateral kills)
  Gastronok (D:9)
  A water moccasin (D:9)
  An eye of draining (D:9)
  A centaur (D:9)
  A centaur skeleton (D:9)
5 creatures vanquished.

Vanquished Creatures (others)
  2 slaves (D:9)
  An orc (D:9)
  10 toadstools (D:5)
13 creatures vanquished.

Grand Total: 270 creatures vanquished

Notes
Turn   | Place    | Note
-------+----------+-------------------------------------------
     0 | D:1      | Larett the Minotaur Berserker began the quest for the Orb.
     0 | D:1      | Reached XP level 1. HP: 19/19 MP: 0/0
    15 | D:1      | Reached skill level 4 in Fighting
    23 | D:1      | Reached XP level 2. HP: 14/27 MP: 1/1
   560 | D:1      | Reached XP level 3. HP: 32/34 MP: 2/2
   789 | D:2      | Reached ** piety under Trog
   789 | D:2      | Reached skill level 5 in Fighting
  1082 | D:2      | HP: 5/36 [iguana (8)]
  1083 | D:2      | Reached XP level 4. HP: 5/42 MP: 3/3
  1599 | D:2      | Noticed Jessica
  1604 | D:2      | Killed Jessica
  1612 | D:2      | Reached skill level 6 in Fighting
  1829 | D:3      | Noticed a bullfrog
  1837 | D:2      | Killed a bullfrog
  1837 | D:2      | Reached XP level 5. HP: 39/51 MP: 4/4
  2253 | D:3      | Noticed Sigmund
  2261 | D:3      | Killed Sigmund
  2261 | D:3      | Reached skill level 7 in Fighting
  2261 | D:3      | Reached XP level 6. HP: 48/60 MP: 5/5
  2569 | D:3      | Found a runed door.
  2574 | D:3      | Noticed Crazy Yiuf
  2578 | D:3      | Killed Crazy Yiuf
  3097 | D:4      | Reached skill level 8 in Fighting
  3097 | D:4      | Reached skill level 6 in Axes
  3152 | D:4      | Reached XP level 7. HP: 52/68 MP: 6/6
  3432 | D:4      | Reached *** piety under Trog
  3469 | D:4      | Reached skill level 9 in Fighting
  3853 | D:4      | Found a bloodstained altar of Trog.
  3899 | D:4      | Found Ejideadgh's Antique Weapon Emporium.
  3902 | D:4      | Bought a shimmering dagger for 154 gold pieces
  3902 | D:4      | Identified the +4 dagger "Demonbane" {drain, Dex+2} (You
                  | bought it in a shop on level 4 of the Dungeon)
  4064 | D:5      | Entered Level 5 of the Dungeon
  4789 | D:5      | Reached XP level 8. HP: 78/79 MP: 7/7
  4800 | D:5      | Noticed a slime creature
  4800 | D:5      | Noticed a slime creature
  4819 | D:5      | Killed a large slime creature
  4819 | D:5      | Reached skill level 10 in Fighting
  4983 | D:6      | Reached skill level 11 in Fighting
  5039 | D:6      | Noticed a hornet
  5058 | D:6      | Found a bloodstained altar of Trog.
  5059 | D:6      | Paralysed by a hornet for 2 turns
  5066 | D:6      | Paralysed by a hornet for 2 turns
  5068 | D:6      | Killed a hornet
  5531 | D:6      | Found an ancient bone altar of Kikubaaqudgha.
  5623 | D:6      | Reached XP level 9. HP: 76/90 MP: 8/8
  5642 | D:6      | Reached skill level 9 in Axes
  5658 | D:6      | Reached **** piety under Trog
  5671 | D:6      | Reached skill level 12 in Fighting
  5927 | D:6      | Noticed Edmund
  5943 | D:6      | Killed Edmund
  6287 | D:6      | Found a shadowy altar of Dithmenos.
  6288 | D:6      | Found a sparkling altar of Nemelex Xobeh.
  6288 | D:6      | Found a glowing golden altar of the Shining One.
  6389 | D:7      | Noticed Harold
  6394 | D:7      | Found Vomm's Food Emporium.
  6425 | D:7      | Found a staircase to the Ecumenical Temple.
  6452 | Temple   | Entered the Ecumenical Temple
  6465 | D:7      | Killed Harold
  6465 | D:7      | Reached skill level 13 in Fighting
  6653 | D:7      | Found a radiant altar of Vehumet.
  7673 | D:8      | Reached XP level 10. HP: 93/102 MP: 9/9
  7675 | D:8      | Reached skill level 14 in Fighting
  8010 | D:8      | Got a scintillating ivory ring
  8012 | D:8      | Identified the ring of Wishful Thinking {*Contam *Drain
                  | rElec rF+++ MP+9} (You found it on level 8 of the Dungeon)
  8062 | D:8      | Found Donuh's Gadget Shop.
  8066 | D:8      | Found a staircase to the Lair.
  8081 | D:8      | Bought a wand of paralysis (16) for 234 gold pieces
  8198 | D:9      | Noticed Maurice
  8210 | D:9      | Killed Maurice
  8331 | D:9      | Reached skill level 15 in Fighting
  8369 | D:9      | Noticed Psyche
  8377 | D:8      | Killed Psyche
  8732 | D:9      | Reached ***** piety under Trog
  8991 | D:9      | Noticed Gastronok
  9011 | D:9      | Killed Gastronok
  9011 | D:9      | Reached skill level 12 in Axes
  9011 | D:9      | Reached XP level 11. HP: 93/114 MP: 10/10
  9032 | D:9      | Found Jaistrix's Magic Scroll Boutique.
  9040 | D:9      | Found Baetuyvy's Antique Weapon Shoppe.
  9065 | D:9      | Bought a runed hand axe for 138 gold pieces
  9076 | D:9      | Reached skill level 16 in Fighting
  9127 | D:9      | Found Tadaziemm's Gadget Shop.
  9178 | D:9      | Found Xousoin's Gadget Shoppe.
  9178 | D:9      | Noticed Pikel
  9194 | D:9      | Killed Pikel
  9483 | D:9      | Noticed a two-headed ogre
  9494 | D:9      | Killed a two-headed ogre
  9515 | D:9      | HP: 10/114 [orc warrior/glaive (18)]
  9893 | D:9      | Noticed a two-headed ogre
 10035 | D:9      | HP: 14/115 [two-headed ogre/giant club (11)]
 10036 | D:9      | Mangled by a two-headed ogre

Skill      XL: |  1  2  3  4  5  6  7  8  9 10 11 |
---------------+----------------------------------+-----
Fighting       | 4 5 6 7 8 9 11 13 15 16 | 16.4
Axes           | 4 5 6 7 8 10 12 | 12.5
Armour         | |  2.4
Dodging        | |  2.1

Action                   |  1- 3 |  4- 6 |  7- 9 | 10-12 || total
-------------------------+-------+-------+-------+-------++-------
Melee: Hand axe          |    82 |    22 |       |       ||   104
       Headbutt          |    12 |    20 |    92 |    66 ||   190
       Dagger            |       |    83 |   335 |   229 ||   647
 Fire: Blowgun           |       |       |     1 |       ||     1
Invok: Trog's Hand       |       |     2 |     1 |     3 ||     6
       Berserk           |       |     1 |     1 |       ||     2
       Brothers in Arms  |       |       |       |     2 ||     2
Evoke: Wand              |       |       |       |     3 ||     3
  Use: Potion            |       |     1 |       |     1 ||     2
       Scroll            |       |     4 |    11 |     8 ||    23
  Eat: Chunk             |     1 |     5 |    13 |     9 ||    28
       Ration            |       |     1 |     1 |       ||     2
Armor: Animal skin       |     8 |       |       |       ||     8
       Chain mail        |     5 |    42 |   163 |   110 ||   320
Dodge: Dodged            |    53 |    39 |    65 |    24 ||   181
Block: Buckler           |     4 |    11 |     7 |       ||    22
       Large shield      |       |       |   158 |   186 ||   344
